 Dungeon Crawl Stone Soup version 0.29-a0-233-g1125b37a9b (webtiles) character file.

Game seed: 12156586954455661345

114 n8rtot the Covered (level 5, -9/42 HPs)
             Began as a Formicid Fighter on Mar 2, 2022.
             Mangled by Duvessa
             ... wielding a +0 rapier
              (15 damage)
             ... on level 4 of the Dungeon.
             The game lasted 00:05:47 (1514 turns).

n8rtot the Covered (Formicid Fighter)               Turns: 1514, Time: 00:05:47

Health: -9/42      AC:  7    Str: 22    XL:     5   Next: 18%
Magic:  5/5        EV:  9    Int:  8    God:
Gold:   74         SH:  4    Dex: 10    Spells: 4/4 levels left

rFire   . . .      SeeInvis +   a - +0 flail
rCold   . . .      Faith    .   c - +0 buckler
rNeg    . . .      Spirit   .   b - +0 scale mail
rPois   .          Reflect  .   (helmet unavailable)
rElec   .          Harm     .   (no cloak)
rCorr   .          Rampage  .   (no gloves)
Will    .....                   (no boots)
Stlth   ..........              (no amulet)
HPRegen 0.14/turn               m - ring of flight
MPRegen 0.09/turn               (no ring)

@: lethally poisoned (-9 -> -11), lit by a corona, flying, glowing
A: permanent stasis, dig shafts and tunnels, antennae 3, four strong arms
a: Dig, Shaft Self


You were on level 4 of the Dungeon.
You visited 1 branch of the dungeon, and saw 3 of its levels.

You collected 74 gold pieces.

Inventory:

Hand Weapons
 a - a +0 flail (weapon)
Missiles
 i - 50 stones
Armour
 b - a +0 scale mail (worn)
 c - a +0 buckler (worn)
Jewellery
 m - a ring of flight (left hand)
Scrolls
 f - a scroll of amnesia {unknown}
 h - a scroll of vulnerability {unknown}
 n - a scroll of identify {unknown}
Potions
 d - 2 potions of might
 e - 2 potions of invisibility {unknown}
 g - a potion of mutation {unknown}
 j - a potion of magic {unknown}
 k - a potion of ambrosia {unknown}
 l - a potion of lignification {unknown}


   Skills:
 + Level 3.8 Fighting
 + Level 3.2 Maces & Flails
 + Level 4.3 Armour
 + Level 0.4 Dodging
 + Level 0.1 Stealth
 + Level 4.1 Shields


You had 4 spell levels left.
You didn't know any spells.
Your spell library contained the following spells:

 Spells                   Type           Power      Damage    Failure   Level
 Ignite Poison            Fire/Tmut/Pois 0%         N/A       99%         3
 Mephitic Cloud           Conj/Pois/Air  0%         N/A       99%         3
 Freezing Cloud           Conj/Ice/Air   0%         6-21      100%        5


Dungeon Overview and Level Annotations

Branches:
Dungeon (2/15)

Altars:

Annotations:
D:4 Duvessa


Innate Abilities, Weirdness & Mutations

You cannot be hasted, slowed, berserked, paralysed or teleported.
You can dig through walls and to a lower floor.
You have a pair of large antennae on your head. (SInv)
Your four strong arms can wield two-handed weapons with a shield.


Message History

Dowan points at you and mumbles some strange words.
The puff of frost hits you! Duvessa closely misses you.
You sock Dowan!
Dowan is heavily wounded.
Dowan barely misses you. Duvessa hits you with a +0 rapier!
You barely miss Dowan.
Dowan is heavily wounded.
Dowan gestures wildly while chanting.
Dowan blinks!
You block Duvessa's attack. Duvessa barely misses you.
Dowan casts a spell at you.
The puff of frost hits you but does no damage.
You completely miss Dowan.
Dowan is moderately wounded.
Duvessa closely misses you. You block Dowan's attack.
Duvessa hits you but does no damage.
You sock Dowan!
Dowan is almost dead.
Dowan hits you with a +1 dagger of venom.
You are poisoned.
Duvessa closely misses you.
You closely miss Dowan.
Dowan is almost dead.
You feel very sick. Dowan barely misses you.
Duvessa hits you but does no damage.
You closely miss Dowan.
Dowan is almost dead.
You feel sick.
Dowan points at you and mumbles some strange words.
You are outlined in light.
Duvessa closely misses you. You block Dowan's attack.
You hit Dowan.
You kill Dowan!
Duvessa weeps, and shakes her weapon.
Duvessa goes berserk!
You feel sick. Duvessa hits you with a +0 rapier.
* * * LOW HITPOINT WARNING * * *
You block Duvessa's attack.
You have reached level 5!
You feel sick. Duvessa hits you with a +0 rapier!
You die...

.............#####..
######..............
...................#
####...............##
....................#
.............######.#
..................#.#
............#####e#.#####
..)..........#..@.#.....#
.#...........#.####.###.#
.#............... .#
###.............. ##
.#...............
.#...............
.................
.................
......#..........


You could see Duvessa (berserk).

Vanquished Creatures
  Dowan (D:4)
  A hound (D:4)
  2 adders (D:2)
  An endoplasm (D:1)
  A giant cockroach (D:1)
  3 goblins
  6 hobgoblins
  4 jackals (D:1)
  A quokka (D:4)
  2 kobolds (D:1)
22 creatures vanquished.

Notes
Turn   | Place    | Note
-------+----------+-------------------------------------------
     0 | D:1      | n8rtot the Formicid Fighter began the quest for the Orb.
     0 | D:1      | Reached XP level 1. HP: 18/18 MP: 1/1
    34 | D:1      | Reached XP level 2. HP: 17/24 MP: 2/2
  1188 | D:2      | Reached XP level 3. HP: 24/27 MP: 3/3
  1285 | D:2      | You fall into a shaft and drop 2 floors!
  1304 | D:4      | Reached XP level 4. HP: 27/37 MP: 4/4
  1492 | D:4      | Noticed Duvessa
  1492 | D:4      | Noticed Dowan
  1513 | D:4      | Killed Dowan
  1514 | D:4      | Reached XP level 5. HP: 6/42 MP: 5/5
  1514 | D:4      | Mangled by Duvessa

Illustrated notes

Levels and vault maps discovered:
D:1:      tarquinn_simple_flora_water_b, layout_rooms, solitary_fountain
D:2:      layout_basic
D:4:      layout_basic, minmay_temple_entry_tees, serial_co_window_serial,
          co_window_corner_a, co_window_of_opportunity_a,
          co_window_of_opportunity_a, co_window_of_opportunity_a,
          co_window_of_opportunity_a, co_window_paths_a, co_window_paths_a,
          co_window_paths_a, co_window_corner_a, co_window_corner_b,
          co_window_unsneaky_path_d, co_window_unsneaky_path_d,
          co_window_of_opportunity_c, co_window_of_opportunity_b,
          co_window_paths_d, glass_columns_a,
          hangedman_abyss_or_decor_lesser_grid, chequers_hall_statues_corner_a,
          nicolae_shop_gadgets, uniq_duvessa

Skill      XL: |  1  2  3  4 |
---------------+-------------+-----
Shields        | 4 |  4.1
Armour         | 4 |  4.3
Maces & Flails | 3 |  3.2
Fighting       | |  3.8
Dodging        | |  0.4
Stealth        | |  0.1

Action                   |  1- 3 |  4- 6 || total
-------------------------+-------+-------++-------
Melee: Flail             |    61 |    13 ||    74
 Abil: Dig               |     6 |       ||     6
Armor: Scale mail        |    40 |     3 ||    43
Dodge: Dodged            |    39 |     8 ||    47
Block: Buckler           |    16 |     5 ||    21

Table legend: (Time is in decaauts)
 A = Elapsed time spent in this place.
 B = Non-inter-level travel time spent in this place.
 C = Inter-level travel time spent in this place.
 D = Time resting spent in this place.
 E = Time spent auto-exploring this place.
 F = Levels seen in this place.
 G = Mean time per level.
                   A        B        C        D        E       F      G
               +--------+--------+--------+--------+--------+-----+--------+
         Total |   1535 |   1535 |      0 |    715 |    486 |   3 |  511.7 |
       Dungeon |   1535 |   1535 |      0 |    715 |    486 |   3 |  511.7 |
               +--------+--------+--------+--------+--------+-----+--------+

Top non-repeatable levels by time:
     D:1: 1102 daAuts
     D:4: 233 daAuts
     D:2: 198 daAuts
